 Dungeon Crawl Stone Soup version 0.19.1-1-g22dce08 (webtiles) character file.

6512 Macro the Slicer (level 11, -2/70 HPs)
             Began as a Halfling Wanderer on Jan 13, 2017.
             Was a Believer of Fedhas.
             Killed by Ozocubu's Refrigeration
             ... invoked by Fannar
              (20 damage)
             ... on level 2 of the Lair of Beasts.
             The game lasted 01:55:53 (9815 turns).

Macro the Slicer (Halfling Wanderer)                Turns: 9815, Time: 01:55:54

Health: -2/70      AC: 26    Str: 25    XL:     11   Next: 20%
Magic:  2/2        EV: 10    Int: 11    God:    Fedhas [**....]
Gold:   538        SH: 13    Dex: 17    Spells: 1 memorised, 9 levels left

rFire  + . .     SeeInvis +     u - +1 dagger (drain)
rCold  . . .     Gourm    .     K - +6 plate armour "Amag" {MP-9 Str+10}
rNeg   . . .     Faith    .     D - +0 shield
rPois  .         Spirit   .     v - +0 helmet
rElec  .         Reflect  .     j - +0 cloak
rCorr  .         Harm     .     L - +2 pair of gloves
MR     .....                    (no boots)
Stlth  ..........               R - amulet of magic regeneration
                                n - ring of protection from fire
                                V - ring of see invisible

@: no status effects
A: see invisible, clever 1, mutation resistance 1
a: Fungal Bloom, Evolution, Sunlight, Renounce Religion


You were on level 2 of the Lair of Beasts.
You worshipped Fedhas.
Fedhas was pleased with you.
You were very hungry.

You visited 3 branches of the dungeon, and saw 12 of its levels.

You collected 538 gold pieces.

Inventory:

Hand Weapons
 a - a +2 dagger
 e - a +1 dagger of flaming
 u - a +1 dagger of draining (weapon)
 x - a +1 dagger of venom
 A - the +5 short sword of Quarrel {pierce, rElec rPois Str-4 Int+4}
   (You found it on level 5 of the Dungeon)

   It inflicts extra damage upon your enemies.
   It affects your strength (-4).
   It affects your intelligence (+4).
   It insulates you from electricity.
   It protects you from poison.
 T - the +8 falchion "Deeriov" {slice, Str+5 SInv, unknown}
   (You found it on level 2 of the Lair of Beasts)

   It inflicts extra damage upon your enemies.
   It affects your strength (+5).
   It lets you see invisible.
Missiles
 Q - 5 silver javelins (quivered)
Armour
 j - a +0 cloak (worn)
 v - a +0 helmet (worn)
 D - a +0 shield (worn)
 K - the +6 plate armour "Amag" (worn) {MP-9 Str+10}
   (You found it on level 7 of the Dungeon)

   It affects your strength (+10).
   It affects your magic capacity (-9).
 L - a +2 pair of gloves (worn)
Jewellery
 n - a ring of protection from fire (right hand)
 R - an amulet of magic regeneration (around neck)
 V - a ring of see invisible (left hand)
Wands
 l - a wand of lightning (5/15)
 G - a wand of confusion (25/48)
 J - a wand of lightning (9/15)
 N - a wand of lightning (4/15)
 O - a wand of disintegration (0/24)
 P - a wand of disintegration (0/24)
 U - a wand of paralysis (18/24)
 W - a wand of flame (44/48)
Scrolls
 b - 2 scrolls of fear
 d - 6 scrolls of teleportation
 g - a scroll of enchant armour
 k - 11 scrolls of identify
 o - 9 scrolls of remove curse
 q - a scroll of random uselessness
 s - 2 scrolls of fog
 y - 4 scrolls of amnesia
 z - a scroll of magic mapping
 F - 2 scrolls of recharging
Potions
 i - 4 potions of flight
 m - 2 potions of agility
 r - a potion of berserk rage
 t - 3 potions of curing
 E - 2 potions of lignification
 I - 2 potions of heal wounds {unknown}
 S - a potion of haste {unknown}
Books
 c - a book of Geomancy

   Spells                             Type                      Level
   a - Sandblast                      Earth                        1
   b - Passwall                       Transmutation/Earth          2
   c - Stone Arrow                    Conjuration/Earth            3
   d - Petrify                        Transmutation/Earth          4
   e - Lee's Rapid Deconstruction     Earth                        5
 p - a book of Death

   Spells                             Type                      Level
   a - Corpse Rot                     Necromancy                   2
   b - Sublimation of Blood           Necromancy                   2
   c - Agony                          Necromancy                   5
   d - Dispel Undead                  Necromancy                   5
   e - Excruciating Wounds            Charms/Necromancy            5
   f - Bolt of Draining               Conjuration/Necromancy       5
 B - a book of Cantrips

   Spells                             Type                      Level
   a - Confusing Touch                Hexes                        1
   b - Animate Skeleton               Necromancy                   1
   c - Summon Small Mammal            Summoning                    1
   d - Apportation                    Translocation                1
 C - a book of Maledictions

   Spells                             Type                      Level
   a - Corona                         Hexes                        1
   b - Ensorcelled Hibernation        Hexes/Ice                    2
   c - Confuse                        Hexes                        3
   d - Tukima's Dance                 Hexes                        3
   e - Dazzling Spray                 Conjuration/Hexes            3
Comestibles
 f - 4 bread rations
 h - 5 meat rations
 w - 8 fruits
 H - 2 beef jerkies
 M - 7 royal jellies


   Skills:
 + Level 4.9 Fighting
 + Level 10.0 Short Blades
   Level 2.1 Crossbows
 + Level 9.2 Armour
 - Level 3.2 Dodging
 + Level 5.0 Stealth
 + Level 9.4 Shields
 + Level 2.1 Summonings
 + Level 1.2 Invocations
 + Level 0.2 Evocations


You had 9 spell levels left.
You knew the following spells:

 Your Spells              Type           Power        Failure   Level  Hunger
a - Summon Small Mammal   Summ           #...         100%        1    ##.....


Dungeon Overview and Level Annotations

Branches:
Dungeon (9/15)             Temple (1/1) D:7            Lair (2/6) D:9
  Swamp: Lair:2-4    Shoals: Lair:2-4     Snake: Lair:2-4    Spider: Lair:2-4
    Orc: D:9-12

Altars:
Ashenzari
Cheibriados
Dithmenos
Elyvilon
Fedhas
Gozag
Hepliaklqana
Kikubaaqudgha
Makhleb
Nemelex Xobeh
Okawaru
Qazlal
Ru
Sif Muna
Trog
Uskayaw
Vehumet
Xom
Yredelemnul
Zin
The Shining One

Shops:
D:9 (

Annotations:
Lair:2 Fannar


Innate Abilities, Weirdness & Mutations

You are small and have problems with some larger weapons.
You are somewhat resistant to further mutation.
You have supernaturally acute eyesight. (SInv)
Your mind is acute. (Int +2)


Message History

You hit the ice beast.
The ice beast is heavily wounded.
The ice beast hits you but does no damage.
Your plate armour "Amag" prevents you from hitting the ice beast.
The ice beast is heavily wounded.
You hit the ice beast but do no damage. You drain the ice beast!
The ice beast is heavily wounded.
The ice beast hits you but does no damage.
You hit the ice beast. You drain the ice beast!
The ice beast is almost dead.
You hit the ice beast.
You kill the ice beast!
Fannar points at you and mumbles some strange words.
The bolt of cold hits you!
* * * LOW HITPOINT WARNING * * *
Fannar casts a spell.
Fannar drains the heat from the surrounding environment!
You feel very cold.
You die...
Fedhas appreciates your contribution to the ecosystem.

### ##.# ### #.###.#### ### #.##
##.....(..# #.# #..#
#.........### #.# #..#
##........#.# #.## #.## ##
#.........## #..# #.##
##..####........######..######..#
#................................
#####..#.#.####.@#####.##.###..#.
###...## #....# ###### ####.
##.## ##.#.# ## ##.P# #e### #P
###..### ##.# ## .#..P...###..# #
....Y.Ye.).....# #
........#PPP##.# #
........######.# #


You could see Fannar.

Vanquished Creatures
  A spiny frog (Lair:1)
  2 komodo dragons (Lair:1)
  A queen bee (D:8)
  4 hippogriffs
  4 blink frogs (Lair:1)
  3 yaks (Lair:1)
  A steam dragon (D:8)
  4 water moccasins
  2 porcupines
  An orc warrior (D:9)
  3 sky beasts
  3 centaurs
  2 ogres
  2 crocodiles (Lair:1)
  5 bullfrogs
  A scorpion (D:5)
  13 killer bees
  A crimson imp (D:5)
  An orc priest (D:4)
  A hound (D:9)
  2 iguanas
  5 worker ants
  An orc wizard (D:9)
  A killer bee zombie (D:6)
  2 hound skeletons (D:4)
  8 gnolls
  4 adders
  3 oozes
  2 worms
  6 dart slugs
  7 leopard geckos
  12 orcs
  6 giant cockroaches
  5 goblins
  3 hobgoblins
  2 jackals (D:7)
  9 kobolds
  A quokka (D:8)
  7 bats
  5 frilled lizards
  2 leopard gecko skeletons
  2 quokka skeletons
  3 rats
153 creatures vanquished.

Vanquished Creatures (collateral kills)
  3 yaks (Lair:1)
  A hungry ghost (D:7)
  An ogre (D:7)
  A bullfrog (D:6)
  A killer bee (D:8)
  A crimson imp (D:5)
  An orc wizard (D:5)
  3 gnolls (D:6)
  A shadow imp (D:5)
13 creatures vanquished.

Vanquished Creatures (others)
  An oklob plant (Lair:1)
  A porcupine (Lair:2)
  5 wandering mushrooms
  76 toadstools
83 creatures vanquished.

Grand Total: 249 creatures vanquished

Notes
Turn   | Place    | Note
-------+----------+-------------------------------------------
     0 | D:1      | Macro the Halfling Wanderer began the quest for the Orb.
     0 | D:1      | Macro set off with: a +2 dagger, a scroll of fear, a +0 ring mail, a scroll of teleportation, a bread ration
     0 | D:1      | Reached XP level 1. HP: 13/13 MP: 1/1
   137 | D:1      | Reached XP level 2. HP: 18/18 MP: 2/2
   184 | D:1      | Reached skill level 1 in Short Blades
   313 | D:1      | Reached XP level 3. HP: 20/23 MP: 3/3
  1147 | D:2      | Reached skill level 2 in Short Blades
  1450 | D:2      | Reached XP level 4. HP: 28/28 MP: 4/4
  1960 | D:3      | Reached skill level 3 in Short Blades
  1960 | D:3      | Reached XP level 5. HP: 8/34 MP: 5/5
  2527 | D:3      | Found a faded altar of an unknown god.
  2534 | D:3      | Became a worshipper of Fedhas Madash
  2534 | D:3      | Reached * piety under Fedhas
  2896 | D:4      | Reached XP level 6. HP: 26/39 MP: 6/6
  3019 | D:4      | Reached skill level 4 in Short Blades
  3321 | D:5      | Entered Level 5 of the Dungeon
  3322 | D:5      | Noticed a hill giant
  3591 | D:5      | Noticed an ogre
  3604 | D:5      | Killed an ogre
  3604 | D:5      | Reached skill level 5 in Short Blades
  3604 | D:5      | Reached XP level 7. HP: 23/45 MP: 7/7
  3942 | D:5      | Got a jewelled short sword
  3943 | D:5      | Identified the +5 short sword of Quarrel {pierce, rElec rPois Str-4 Int+4} (You found it on level 5 of the Dungeon)
  4037 | D:6      | Reached skill level 5 in Armour
  4064 | D:6      | Learned a level 1 spell: Summon Small Mammal
  4086 | D:6      | Reached skill level 6 in Short Blades
  4247 | D:6      | Reached ** piety under Fedhas
  4771 | D:7      | Noticed a hippogriff
  4778 | D:7      | Reached XP level 8. HP: 51/51 MP: 8/8
  4805 | D:7      | Killed a hippogriff
  4805 | D:7      | Reached skill level 1 in Summonings
  4805 | D:7      | Reached skill level 1 in Invocations
  5019 | D:7      | Got an ichor-stained plate armour
  5030 | D:7      | Identified the +6 plate armour "Amag" {MP-9 Str+10} (You found it on level 7 of the Dungeon)
  5196 | D:7      | Found a staircase to the Ecumenical Temple.
  5205 | Temple   | Entered the Ecumenical Temple
  5793 | D:8      | Noticed a queen bee
  5831 | D:8      | Killed a queen bee
  5831 | D:8      | Reached skill level 7 in Short Blades
  5831 | D:8      | Reached skill level 1 in Shields
  5881 | D:8      | Reached XP level 9. HP: 28/56 MP: 0/9
  6507 | D:8      | Gained mutation: Your mind is acute. (Int +2) [potion of mutation]
  7284 | D:9      | Found a staircase to the Lair.
  7390 | D:9      | Reached skill level 5 in Shields
  7399 | D:9      | Reached skill level 8 in Short Blades
  7434 | D:9      | Noticed a hippogriff
  7452 | D:9      | Killed a hippogriff
  7487 | D:9      | Gained mutation: You have supernaturally acute eyesight. (SInv) [mutagenic meat]
  7549 | D:9      | Reached XP level 10. HP: 47/63 MP: 1/10
  7676 | D:9      | Found Ogipniga's Antique Weapon Emporium.
  7952 | Lair:1   | Entered Level 1 of the Lair of Beasts
  7964 | Lair:1   | Reached skill level 9 in Short Blades
  8361 | Lair:1   | Noticed a spiny frog
  8386 | Lair:1   | Killed a spiny frog
  8862 | Lair:1   | Noticed a komodo dragon
  8892 | Lair:1   | Killed a komodo dragon
  8916 | Lair:1   | Noticed a komodo dragon
  8956 | Lair:1   | Killed a komodo dragon
  8956 | Lair:1   | Reached XP level 11. HP: 60/70 MP: 2/11
  9373 | Lair:2   | Reached skill level 10 in Short Blades
  9373 | Lair:2   | Reached skill level 5 in Stealth
  9635 | Lair:2   | Got a sapphire falchion
  9774 | Lair:2   | Noticed Fannar
  9815 | Lair:2   | Killed from afar by Fannar

Skill      XL: |  1  2  3  4  5  6  7  8  9 10 11 |
---------------+----------------------------------+-----
Short Blades   | 1 2 3 5 6 7 8 9 10 | 10.0
Armour         | 3 4 5 6 7 8 9 |  9.2
Stealth        | 3 4 5 |  5.0
Fighting       | 2 3 4 |  4.9
Summonings     | 1 2 |  2.1
Invocations    | 1 |  1.2
Shields        | 2 6 8 9 |  9.4
Crossbows      | |  2.1
Dodging        | |  3.2
Evocations     | |  0.2

Action                   |  1- 3 |  4- 6 |  7- 9 | 10-12 || total
-------------------------+-------+-------+-------+-------++-------
Melee: Dagger            |   120 |   235 |   459 |   366 ||  1180
 Cast: Summon Small Mamm |       |       |     2 |     1 ||     3
Invok: Fungal Bloom      |       |     5 |    12 |     8 ||    25
       Evolution         |       |     1 |     2 |     4 ||     7
       Sunlight          |       |       |     1 |       ||     1
Evoke: Wand              |       |       |       |     1 ||     1
  Use: Potion            |     4 |     1 |     6 |     1 ||    12
       Scroll            |     6 |     1 |     5 |       ||    12
 Stab: Sleeping          |     2 |     2 |     2 |       ||     6
       Distracted        |       |       |       |     1 ||     1
  Eat: Chunk             |     2 |     3 |     9 |     7 ||    21
       Royal jelly       |       |     2 |       |       ||     2
       Bread ration      |       |       |     1 |       ||     1
       Pizza             |       |       |     1 |       ||     1
Armor: Ring mail         |    42 |    46 |    42 |       ||   130
       Plate armour      |       |       |   173 |   113 ||   286
       Skin              |       |       |    15 |       ||    15
Dodge: Dodged            |    84 |   119 |   176 |    91 ||   470
Block: Shield            |       |       |   178 |   164 ||   342
